NWL (28 & UNDER)
CULVER CITY EXTRAS @ BALZAC RAMS
09/24/2024
 
TOP OF THE 1ST
Culver City Extras batting - Pitching for Balzac Rams : RHP Andrew Barnard
Pitching: RHP Andrew Barnard
Batting: RHB Jesús Hernández 0-0: Called Strike
0-1: Foul Ball, location: 2F
0-2: Strikes out swinging
Batting: LHB Tanyu Imai 0-0: DOUBLE (Line Drive, 89M)
Batting: RHB Tony Cruz 0-0: Called Strike
0-1: Ball
1-1: Ball
2-1: Ball
3-1: Foul Ball, location: 2F
3-2: Base on Balls
Batting: RHB Max Alexander 0-0: Fielders Choice at 2nd, 6-4 (Groundball, 6)
Tanyu Imai to third
Batting: RHB Horace Johnson 0-0: Ground out U3 (Groundball, 3S)
Top of the 1st over - 0 run(s), 1 hit(s), 0 error(s), 2 left on base; Culver City 0 - Balzac 0
BOTTOM OF THE 1ST
Balzac Rams batting - Pitching for Culver City Extras : RHP Chris Marshall
Pitching: RHP Chris Marshall
Batting: RHB Ron Glass 0-0: Called Strike
0-1: Foul Ball, location: 2F
0-2: Fly out, F8 (Flyball, 8LM)
Batting: LHB Joaquín González 0-0: Foul Ball, location: 2F
0-1: Ball
1-1: Fly out, F9 (Line Drive, 89M)
Batting: RHB Paul Spencer 0-0: Foul Ball, location: 2F
0-1: Ground out 1-3 (Groundball, 13S)
Bottom of the 1st over - 0 run(s), 0 hit(s), 0 error(s), 0 left on base; Culver City 0 - Balzac 0
TOP OF THE 2ND
Culver City Extras batting - Pitching for Balzac Rams : RHP Andrew Barnard
Batting: LHB Ronaldo Gois 0-0: Called Strike
0-1: Ball
1-1: Swinging Strike
1-2: Strikes out swinging
Batting: RHB Bill Little 0-0: Ball
1-0: Called Strike
1-1: Swinging Strike
1-2: Ball
2-2: Ball
3-2: Foul Ball, location: 2F
3-2: Base on Balls
Batting: RHB Jesús Gonzáles 0-0: Ball
1-0: Foul Ball, location: 2F
1-1: Ball
2-1: Swinging Strike
2-2: Foul Ball, location: 2F
2-2: Ball
3-2: Base on Balls
Bill Little to second
Batting: RHB Cal Rogers 0-0: Called Strike
0-1: Ball
1-1: Grounds into double play, 5-4-3 (Groundball, 5)
Top of the 2nd over - 0 run(s), 0 hit(s), 0 error(s), 1 left on base; Culver City 0 - Balzac 0
BOTTOM OF THE 2ND
Balzac Rams batting - Pitching for Culver City Extras : RHP Chris Marshall
Batting: LHB José Berroa 0-0: Ball
1-0: Ball
2-0: Ball
3-0: Base on Balls
Batting: RHB Fred Howard 0-0: Ball
1-0: Swinging Strike
1-1: Swinging Strike
1-2: Strikes out swinging
Batting: RHB Enrico Ramos 0-0: Called Strike
0-1: Ball
1-1: Swinging Strike
1-2: Foul Ball, location: 2F
1-2: Strikes out swinging
Batting: RHB Luis González 0-0: Ball
1-0: Swinging Strike
1-1: Called Strike
1-2: Ball
2-2: Ground out 6-3 (Groundball, 6)
Bottom of the 2nd over - 0 run(s), 0 hit(s), 0 error(s), 1 left on base; Culver City 0 - Balzac 0
TOP OF THE 3RD
Culver City Extras batting - Pitching for Balzac Rams : RHP Andrew Barnard
Batting: RHB Jesús Hernández 0-0: Ball
1-0: Ball
2-0: Ground out 5-3 (Groundball, 5L)
Batting: LHB Tanyu Imai 0-0: Called Strike
0-1: Ball
1-1: Foul Ball, location: 2F
1-2: Foul Ball, location: 2F
1-2: Ball
2-2: SINGLE (Groundball, 34)
Batting: RHB Tony Cruz Pickoff Throw to First - Error! E1
Tanyu Imai to second
0-0: Called Strike
Tanyu Imai steals 3rd base
0-1: Ground out 6-3 (Groundball, 6)
Tanyu Imai scores
Batting: RHB Max Alexander 0-0: Called Strike
0-1: Ball
1-1: Ball
2-1: Called Strike
2-2: Strikes out swinging
Top of the 3rd over - 1 run(s), 1 hit(s), 1 error(s), 0 left on base; Culver City 1 - Balzac 0
BOTTOM OF THE 3RD
Balzac Rams batting - Pitching for Culver City Extras : RHP Chris Marshall
Batting: SHB Reynaldo Gallegos 0-0: Ball
1-0: Ball
2-0: Ball
3-0: Called Strike
3-1: Called Strike
3-2: Foul Ball, location: 2F
3-2: Ground out 4-3 (Groundball, 4)
Batting: LHB Carlos Barrios 0-0: Foul Ball, location: 2F
0-1: Ball
1-1: Ball
2-1: Foul Ball, location: 2F
2-2: Strikes out swinging
Batting: RHB Ron Glass 0-0: Ball
1-0: Ball
2-0: Fly out, F7 (Flyball, 7LM)
Bottom of the 3rd over - 0 run(s), 0 hit(s), 0 error(s), 0 left on base; Culver City 1 - Balzac 0
TOP OF THE 4TH
Culver City Extras batting - Pitching for Balzac Rams : RHP Andrew Barnard
Batting: RHB Horace Johnson 0-0: Called Strike
0-1: Ball
1-1: Called Strike
1-2: Ball
2-2: Foul Ball, location: 2F
2-2: Fly out, F9 (Flyball, 89S)
Batting: LHB Ronaldo Gois 0-0: Ball
1-0: Ball
2-0: Ball
3-0: Base on Balls
Batting: RHB Bill Little 0-0: Called Strike
0-1: Ball
1-1: Called Strike
1-2: Strikes out swinging
Batting: RHB Jesús Gonzáles 0-0: Ball
1-0: Called Strike
1-1: Ball
2-1: Called Strike
2-2: Ground out 5-3 (Groundball, 5)
Top of the 4th over - 0 run(s), 0 hit(s), 0 error(s), 1 left on base; Culver City 1 - Balzac 0
BOTTOM OF THE 4TH
Balzac Rams batting - Pitching for Culver City Extras : RHP Chris Marshall
Batting: LHB Joaquín González 0-0: Called Strike
0-1: Ground out 4-3 (Groundball, 4M)
Batting: RHB Paul Spencer 0-0: Ball
1-0: Ball
2-0: Fly out, F8 (Flyball, 8LXD)
Batting: LHB José Berroa 0-0: Ball
1-0: Ground out 4-3 (Groundball, 4M)
Bottom of the 4th over - 0 run(s), 0 hit(s), 0 error(s), 0 left on base; Culver City 1 - Balzac 0
TOP OF THE 5TH
Culver City Extras batting - Pitching for Balzac Rams : RHP Andrew Barnard
Batting: RHB Cal Rogers 0-0: Ball
1-0: Called Strike
1-1: Foul Ball, location: 2F
1-2: Ball
2-2: Foul Ball, location: 2F
2-2: Ball
3-2: Ground out 6-3 (Groundball, 6M)
Batting: RHB Jesús Hernández 0-0: Ball
1-0: Called Strike
1-1: Ground out 6-3 (Groundball, 6)
Batting: LHB Tanyu Imai 0-0: Called Strike
0-1: Ground out 6-3 (Groundball, 6M)
Top of the 5th over - 0 run(s), 0 hit(s), 0 error(s), 0 left on base; Culver City 1 - Balzac 0
BOTTOM OF THE 5TH
Balzac Rams batting - Pitching for Culver City Extras : RHP Chris Marshall
Batting: RHB Fred Howard 0-0: Ball
1-0: Ball
2-0: Ball
3-0: Called Strike
3-1: Fly out, F3 (Popup, 3)
Batting: RHB Enrico Ramos 0-0: Called Strike
0-1: Ground out 5-3 (Groundball, 56)
Batting: RHB Luis González 0-0: Ball
1-0: Called Strike
1-1: Foul Ball, location: 2F
1-2: Ball
2-2: Ball
3-2: Strikes out swinging
Bottom of the 5th over - 0 run(s), 0 hit(s), 0 error(s), 0 left on base; Culver City 1 - Balzac 0
TOP OF THE 6TH
Culver City Extras batting - Pitching for Balzac Rams : RHP Andrew Barnard
Batting: RHB Tony Cruz 0-0: Ball
1-0: SINGLE (Groundball, 6M)
Batting: RHB Max Alexander 0-0: Called Strike
0-1: Ball
1-1: Called Strike
1-2: Ball
2-2: DOUBLE (Flyball, 8LXD)
Tony Cruz to third
Batting: RHB Horace Johnson 0-0: Ball
1-0: Ball
2-0: SINGLE (Groundball, 34)
Tony Cruz scores
Max Alexander to third
Batting: LHB Ronaldo Gois 0-0: Called Strike
0-1: Ball
1-1: Foul Ball, location: 2F
1-2: Ball
2-2: Foul Ball, location: 2F
2-2: Ball
3-2: Base on Balls
Horace Johnson to second
Pitching: LHP Jorge García
Batting: RHB Bill Little 0-0: Ball
1-0: Called Strike
1-1: Ball
2-1: Ball
3-1: Foul Ball, location: 2F
3-2: Strikes out swinging
Batting: RHB Jesús Gonzáles 0-0: Ball
1-0: Ball
2-0: Called Strike
2-1: Fly out, F4 (Popup, 4D)
Batting: RHB Cal Rogers 0-0: Ball
1-0: Ball
2-0: Ball
Balk!
Max Alexander scores
Horace Johnson to third
Ronaldo Gois to second
3-0: Base on Balls
Batting: RHB Jesús Hernández 0-0: Called Strike
0-1: Called Strike
0-2: Reached on Error, E7 (Flyball, 78M)
Horace Johnson scores
Ronaldo Gois scores
Cal Rogers to third
Batting: LHB Tanyu Imai 0-0: Called Strike
0-1: Swinging Strike
0-2: Ball
1-2: Ball
2-2: Foul Ball, location: 2F
2-2: Foul Ball, location: 2F
2-2: Fly out, F8 (Flyball, 8LM)
Top of the 6th over - 4 run(s), 3 hit(s), 1 error(s), 2 left on base; Culver City 5 - Balzac 0
BOTTOM OF THE 6TH
Balzac Rams batting - Pitching for Culver City Extras : RHP Chris Marshall
Batting: SHB Reynaldo Gallegos 0-0: Ball
1-0: Foul Ball, location: 2F
1-1: Swinging Strike
1-2: Fly out, F7 (Flyball, 78M)
Batting: LHB Carlos Barrios 0-0: Foul Ball, location: 2F
0-1: Called Strike
0-2: Ball
1-2: Strikes out swinging
Batting: RHB Ron Glass 0-0: Foul Ball, location: 2F
0-1: Ball
1-1: Fly out, F8 (Line Drive, 8LXD)
Bottom of the 6th over - 0 run(s), 0 hit(s), 0 error(s), 0 left on base; Culver City 5 - Balzac 0
TOP OF THE 7TH
Culver City Extras batting - Pitching for Balzac Rams : LHP Jorge García
Batting: RHB Tony Cruz 0-0: DOUBLE (Line Drive, 3D) - OUT at third base trying to stretch hit.
Batting: RHB Max Alexander 0-0: Ball
1-0: Fly out, F5 (Popup, 5F)
Batting: RHB Horace Johnson 0-0: Called Strike
0-1: Swinging Strike
0-2: Ball
1-2: SINGLE (Groundball, 4MD)
Batting: LHB Ronaldo Gois 0-0: Called Strike
0-1: Swinging Strike
0-2: Strikes out swinging
Top of the 7th over - 0 run(s), 2 hit(s), 0 error(s), 1 left on base; Culver City 5 - Balzac 0
BOTTOM OF THE 7TH
Balzac Rams batting - Pitching for Culver City Extras : RHP Chris Marshall
Batting: LHB Joaquín González 0-0: Ball
1-0: SINGLE (Line Drive, 34D)
Batting: RHB Paul Spencer 0-0: Foul Ball, location: 2F
0-1: Ball
1-1: Ball
2-1: Ball
3-1: Foul Ball, location: 2F
3-2: Base on Balls
Joaquín González to second
Batting: LHB José Berroa 0-0: Ball
1-0: Ball
2-0: Swinging Strike
2-1: Foul Ball, location: 2F
2-2: Strikes out swinging
Batting: RHB Fred Howard 0-0: Ball
1-0: Ball
Joaquín González steals 3rd base
Paul Spencer to second
2-0: Ground out 4-3 (Groundball, 4M)
Joaquín González scores
Paul Spencer to third
Batting: RHB Enrico Ramos 0-0: Ball
1-0: Swinging Strike
1-1: Called Strike
1-2: Foul Ball, location: 2F
1-2: Strikes out swinging
Bottom of the 7th over - 1 run(s), 1 hit(s), 0 error(s), 1 left on base; Culver City 5 - Balzac 1
TOP OF THE 8TH
Culver City Extras batting - Pitching for Balzac Rams : LHP Jorge García
Pitching: RHP T.J. Olson
Batting: RHB Bill Little 0-0: Swinging Strike
0-1: Ball
1-1: Foul Ball, location: 2F
1-2: Ball
2-2: Ball
3-2: Foul Ball, location: 2F
3-2: Foul Ball, location: 2F
3-2: Foul Ball, location: 2F
3-2: Fly out, F8 (Flyball, 8LM)
Batting: RHB Jesús Gonzáles 0-0: SINGLE (Groundball, 56D)
Batting: RHB Cal Rogers 0-0: Called Strike
0-1: Ground out 4-3 (Groundball, 34S)
Jesús Gonzáles to second
Batting: RHB Jesús Hernández 0-0: Called Strike
0-1: Called Strike
0-2: Ball
1-2: Ball
2-2: Foul Ball, location: 2F
2-2: Fly out, F8 (Flyball, 8RS)
Top of the 8th over - 0 run(s), 1 hit(s), 0 error(s), 1 left on base; Culver City 5 - Balzac 1
BOTTOM OF THE 8TH
Balzac Rams batting - Pitching for Culver City Extras : RHP Chris Marshall
Batting: RHB Luis González 0-0: Swinging Strike
0-1: Foul Ball, location: 2F
0-2: Ball
1-2: Ground out 6-3 (Groundball, 6)
Pitching: RHP Pedro Días
Batting: SHB Reynaldo Gallegos 0-0: Ball
1-0: Foul Ball, location: 2F
1-1: Ball
2-1: Ball
3-1: Called Strike
3-2: Base on Balls
Batting: LHB Carlos Barrios 0-0: Called Strike
0-1: Ball
1-1: Called Strike
1-2: Ball
2-2: Ball
3-2: Strikes out looking
Batting: RHB Ron Glass 0-0: Called Strike
0-1: Called Strike
0-2: Ball
1-2: Strikes out looking
Bottom of the 8th over - 0 run(s), 0 hit(s), 0 error(s), 1 left on base; Culver City 5 - Balzac 1
TOP OF THE 9TH
Culver City Extras batting - Pitching for Balzac Rams : RHP T.J. Olson
Batting: LHB Tanyu Imai 0-0: Ball
1-0: Ground out 4-3 (Groundball, 4)
Batting: RHB Tony Cruz 0-0: Called Strike
0-1: Ball
1-1: Ball
2-1: Called Strike
2-2: Foul Ball, location: 2F
2-2: Strikes out looking
Batting: RHB Max Alexander 0-0: Ball
1-0: Ball
2-0: Swinging Strike
2-1: Fly out, F8 (Flyball, 8RXD)
Top of the 9th over - 0 run(s), 0 hit(s), 0 error(s), 0 left on base; Culver City 5 - Balzac 1
BOTTOM OF THE 9TH
Balzac Rams batting - Pitching for Culver City Extras : RHP Pedro Días
Batting: LHB Joaquín González 0-0: Ball
1-0: Ball
2-0: Called Strike
2-1: Ball
3-1: Foul Ball, location: 2F
3-2: Base on Balls
Batting: RHB Paul Spencer 0-0: Called Strike
0-1: Ball
1-1: Ball
2-1: Ball
3-1: Swinging Strike
3-2: Fly out, F3 (Line Drive, 3S)
3-2: Lined into DP, U3 (Line Drive, 3S)
Batting: LHB José Berroa 0-0: Foul Ball, location: 2F
0-1: Swinging Strike
0-2: Ball
1-2: DOUBLE (Flyball, 78D)
Batting: RHB Fred Howard 0-0: SINGLE (Flyball, 8RS)
José Berroa to third
Runner from 3rd tries for Home, SAFE, no throw or cutoff
Pitching: RHP José González
Batting: RHB Enrico Ramos 0-0: Ball
1-0: Fly out, F6 (Popup, 6M)
Bottom of the 9th over - 1 run(s), 2 hit(s), 0 error(s), 1 left on base; Culver City 5 - Balzac 2
This league is powered by Out of the Park Baseball, the baseball management simulation game for PC, Mac and Linux
Saturday, April 9th, 2016 - OOTP Baseball 16.8 Build 38